 Dungeon Crawl Stone Soup version 0.31-a0-1074-g0b22e4e0f1 (webtiles) character file.

Game seed: 9934323760697838120

60 Jeffwins the Caller (level 3, -7/31 HPs)
             Began as a Troll Summoner on Nov 29, 2023.
             Succumbed to Jessica's poison
             ... on level 2 of the Dungeon.
             The game lasted 00:01:16 (736 turns).

Jeffwins the Caller (Troll Summoner)                 Turns: 736, Time: 00:01:17

Health: -7/31      AC:  4    Str: 16    XL:     3   Next: 82%
Magic:  4/4        EV:  9    Int: 13    God:
Gold:   54         SH:  0    Dex: 10    Spells: 2/5 levels left

rFire   . .          .
                       - Unarmed
rCold   . . .        (no shield)
rNeg    . . .        a - +0 robe
rPois   .            (helmet restricted)
rElec   .            (no cloak)
rCorr   .            (gloves unavailable)
SInv    .            (boots unavailable)
Will    ++...        c - amulet of the acrobat
Stlth   +            f - ring of willpower
HPRegen 1.05/turn    (no ring)
MPRegen 0.09/turn

%: acrobat
@: lethally poisoned (-7 -> -34), enlightened, flying
A: large, unfitting armour, claws 3, regeneration 1, shaggy fur 1, tough skin 1
a: no special abilities


You were on level 2 of the Dungeon.
You visited 1 branch of the dungeon, and saw 2 of its levels.

You collected 54 gold pieces.


Innate Abilities, Weirdness & Mutations

You are too large for most types of armour.
You have claws for hands.
Your natural rate of healing is unusually fast.
You are covered in fur. (AC +1)
You have tough skin. (AC +1)


   Skills:
 - Level 1.5 Dodging
 - Level 1.0 Stealth
 * Level 2.0 Unarmed Combat
 + Level 1.6 Spellcasting
 * Level 3.4 Summonings


You had 2 spell levels left.
You knew the following spells:

 Your Spells              Type           Power      Damage    Failure   Level
c - Summon Small Mammal   Summ           40%        N/A       6%          1
z - Call Imp              Summ           20%        N/A       10%         2

Your spell library contained the following spells:

 Spells                   Type           Power      Damage    Failure   Level
 Call Canine Familiar     Summ           10%        N/A       19%         3
 Summon Guardian Golem    Hex/Summ       5%         N/A       36%         3
 Summon Lightning Spire   Summ/Air       5%         N/A       78%         4

Inventory:

Armour
 a - a +0 robe (worn)
Jewellery
 c - an amulet of the acrobat (around neck)
 f - a ring of willpower (left claw)
Scrolls
 d - a scroll of fog {unknown}
 e - a scroll of enchant weapon {unknown}
 g - a scroll of enchant armour {unknown}
 i - a scroll of noise {unknown}
Potions
 b - a potion of magic
 h - a potion of enlightenment

Dungeon Overview and Level Annotations

Branches:
Dungeon (2/15)

Altars:
Uskayaw

Annotations:
D:2 Jessica

#...............# #...
#...............# #...
.#......#.....[>## #...
........##.....####....
...#.....####.<........
.#.......####...###....
.###.....##...[###....
.#.##.........##......##
....K.@@.....## ##....#
.............####...#.#
####+#######......###.#
#[..#...##.#
#.......##.#
#....#<.##.#
#.........†##
#...#........
#..........#.


You could see Jessica (fast) and a kobold.


Message History

You barely miss Jessica. Jessica closely misses you.
A kobold comes into view. It is wielding a +0 whip.
You barely miss Jessica.
Jessica hits you with a +3 dagger of venom.
You are poisoned.
Jessica hits you but does no damage.
You are more poisoned.
You scratch Jessica.
Jessica is lightly wounded.
You feel very sick.
Jessica hits you with a +3 dagger of venom!
You are lethally poisoned!
You scratch Jessica.
Jessica is heavily wounded.
* * * LOW HITPOINT WARNING * * *
You feel extremely sick.
Jessica hits you with a +3 dagger of venom.
* * * LOW HITPOINT WARNING * * *
You are more poisoned.
Jessica misses you.
It was a potion of enlightenment.
You feel very buoyant.
You fly up into the air.
* * * LOW HITPOINT WARNING * * *
You feel extremely sick. Jessica hits you but does no damage.
You are more poisoned.
You closely miss Jessica.
Jessica is heavily wounded.
You die...

Skill      XL: |  1  2  3 |
---------------+----------+-----
Summonings     | 3 |  3.4
Unarmed Combat | 1 2 |  2.0
Dodging        | |  1.5
Stealth        | |  1.0
Spellcasting   | |  1.6

Action                     || total
---------------------------++-------
  Melee: Unarmed           ||   119
    Use: Potion            ||     1
   Stab: Sleeping          ||     2
 Armour: Robe              ||    64
  Dodge: Dodged            ||    68

Levels and vault maps discovered:
D:1:      amcnicky_arrival_abandoned_market, layout_basic
D:2:      layout_rooms, ebering_ecumenical_altar_mist, basic_altar,
          minmay_door_square, uniq_robin, uniq_crazy_yiuf_cottage, uniq_jessica

Notes
Turn   | Place    | Note
-------+----------+-------------------------------------------
     0 | D:1      | Jeffwins the Troll Summoner began the quest for the Orb.
     0 | D:1      | Reached XP level 1. HP: 16/16 MP: 1/1
    46 | D:1      | Reached skill level 3 in Summonings
   118 | D:1      | Reached XP level 2. HP: 24/24 MP: 3/3
   121 | D:1      | Learned a level 2 spell: Call Imp
   204 | D:1      | Reached skill level 1 in Unarmed Combat
   621 | D:2      | Found a hide-covered altar of Uskayaw.
   639 | D:2      | Reached XP level 3. HP: 31/31 MP: 4/4
   697 | D:2      | Reached skill level 2 in Unarmed Combat
   727 | D:2      | Noticed Jessica
   735 | D:2      | HP: 1/31 [poisoned by Jessica]
   736 | D:2      | Succumbed to Jessica's poison

Vanquished Creatures
  3 adders (D:2)
  3 ball pythons
  4 bats (D:1)
  3 endoplasms
  A giant cockroach (D:1)
  2 hobgoblins
  3 quokkas (D:1)
  A frilled lizard (D:1)
  4 goblins
  4 kobolds (D:1)
  5 rats (D:1)
33 creatures vanquished.

Table legend: (Time is in decaauts)
 A = Elapsed time spent in this place.
 B = Non-inter-level travel time spent in this place.
 C = Inter-level travel time spent in this place.
 D = Time resting spent in this place.
 E = Time spent auto-exploring this place.
 F = Levels seen in this place.
 G = Mean time per level.
                   A        B        C        D        E       F      G
               +--------+--------+--------+--------+--------+-----+--------+
         Total |    732 |    724 |      8 |      0 |    475 |   2 |  366.0 |
       Dungeon |    732 |    724 |      8 |      0 |    475 |   2 |  366.0 |
               +--------+--------+--------+--------+--------+-----+--------+

Top non-repeatable levels by time:
     D:1: 609 daAuts
     D:2: 123 daAuts

Table legend:
 A = Non-vault XP
 B = Vault XP
 C = Vault XP percentage of total XP
 D = Non-vault monster count
 E = Vault monster count
 F = Vault count percentage of total count
                 A         B        C        D         E       F
            +---------+---------+-------+---------+---------+-------
      Total |      87 |       0 |   0.0 |      33 |       0 |   0.0
            +---------+---------+-------+---------+---------+-------
        D:1 |      38 |       0 |   0.0 |      25 |       0 |   0.0
        D:2 |      49 |       0 |   0.0 |       8 |       0 |   0.0
            +---------+---------+-------+---------+---------+-------
